 Dungeon Crawl Stone Soup version 0.29-a0-321-gf1c400731a (webtiles) character file.

Game seed: 15971082308102715435

590 spaghetti the Ogre Mage (level 7, -13/59 HPs)
             Began as an Ogre Conjurer on Apr 4, 2022.
             Was a Believer of Elyvilon.
             Mangled by a yak (16 damage)
             ... on level 4 of the Dungeon.
             The game lasted 00:07:41 (4105 turns).

spaghetti the Ogre Mage (Ogre Conjurer)             Turns: 4105, Time: 00:07:42

Health: -13/59     AC:  3    Str: 12    XL:     7   Next: 39%
Magic:  16/27      EV:  9    Int: 21    God:    Elyvilon [**....]
Gold:   162        SH:  0    Dex:  7    Spells: 19/22 levels left

rFire   . . .      SeeInvis .   w - +0 short sword (venom) {short}
rCold   . . .      Faith    .   (no shield)
rNeg    . . .      Spirit   .   a - +0 robe
rPois   +          Reflect  .   (helmet restricted)
rElec   .          Harm     .   (no cloak)
rCorr   .          Rampage  .   (gloves unavailable)
Will    .....                   (boots unavailable)
Stlth   +.........              (no amulet)
HPRegen 0.19/turn               r - ring of poison resistance
MPRegen 0.20/turn               e - ring of magical power

@: unable to read
A: large, unfitting armour, tough skin 1, horns 1, inability to read while
threatened
a: Renounce Religion, Purification, Heal Other


You were on level 4 of the Dungeon.
You worshipped Elyvilon.
Elyvilon was pleased with you.
You visited 1 branch of the dungeon, and saw 4 of its levels.

You collected 162 gold pieces.


Innate Abilities, Weirdness & Mutations

You are too large for most types of armour.
You have tough skin. (AC +1)
You have a pair of small horns on your head.
You sometimes lose the ability to read scrolls when taking damage.


   Skills:
 - Level 1.7 Dodging
 - Level 1.4 Stealth
 - Level 8.0 Spellcasting
 + Level 4.7 Conjurations
 - Level 0.2 Invocations


You had 19 spell levels left.
You knew the following spells:

 Your Spells              Type           Power      Damage    Failure   Level
a - Magic Dart            Conj           100%       1d8       1%          1
b - Searing Ray           Conj           56%        2d6       1%          2

Your spell library contained the following spells:

 Spells                   Type           Power      Damage    Failure   Level
 Dazzling Flash           Conj/Hex       36%        N/A       9%          3
 Fulminant Prism          Conj/Hex       9%         3d7       30%         4
 Iskenderun's Mystic Bla  Conj/Tloc      18%        2d6       30%         4

Inventory:

Hand Weapons
 d - a +0 short sword {short}
   (You found it on level 1 of the Dungeon)
 j - a +0 spear {polearm}
   (You found it on level 1 of the Dungeon)
 m - a +0 spear {polearm}
   (You found it on level 1 of the Dungeon)
 p - a +0 short sword {short}
   (You found it on level 1 of the Dungeon)
 t - a +1 dagger of venom {short}
   (You took it off a kobold on level 2 of the Dungeon)
 w - a +0 short sword of venom (weapon) {short}
   (You took it off an orc on level 3 of the Dungeon)
Missiles
 g - 6 boomerangs {throwing}
 k - 8 poisoned darts {throwing}
 q - 100 stones {throwing}
Armour
 a - a +0 robe (worn)
Magical Staves
 u - a staff of earth {!astaff}
   (You found it on level 2 of the Dungeon)
Jewellery
 e - a ring of magical power (right hand)
   (You took it off a kobold on level 4 of the Dungeon)
 r - a ring of poison resistance (left hand)
   (You found it on level 1 of the Dungeon)
Scrolls
 c - 2 scrolls of fog
 f - 2 scrolls of teleportation {@r4}
 h - 4 scrolls of identify {@r1}
Potions
 b - a potion of magic

Dungeon Overview and Level Annotations

Branches:
Dungeon (4/15)             Temple (0/1) D:4

Altars:
Elyvilon
The Shining One

Shops:
D:4

[[ #...........#..#.#.....#
#...........#...#......##########
#...........#####......##........
#...........# #......##.#######
#...........# #......##.#<....#
##..YY......#####.)8...##.#......
###Y######.........)).##.#.###.#
#..........†......<...##.#.#.#.#
###..#####.Y..Y@.†.#####.#.#....
##.## #.#####'#∩....#.#.#.#.#
.####..####.# #.#.....#.#.#...#
.#.....Y....+ ..#8....#.#.#####
.#####..###.# .###.....#.#......
##.# #[# ..###.....#.####### #..
...............<.......
#..##.########....#........
##.##.# ########)....#


You could see 2 yaks.


Message History

The yak attacks as you move away! The yak barely misses you.
The scorpion attacks as you move away! The scorpion stings you.
* * * LOW HITPOINT WARNING * * *
😨 HP[-3]
You take 3 damage, and now have 22/59 hp.
The yak attacks as you move away! The yak gores you!
* * * LOW HITPOINT WARNING * * *
The scorpion attacks as you move away! The scorpion stings you.
* * * LOW HITPOINT WARNING * * *
There is an open door here. 😱 HP[-10]
You take 10 damage, and now have 12/59 hp. 😱 MP[+1]
Casting: Searing Ray (safe; 1% risk of failure)
Confirm with . or Enter, or press ? or * to list all spells.
Aiming: Magic Dart (safe; 1% risk of failure)
Press: ? - help, Shift-Dir - straight line, f/p - scorpion
Aim: a scorpion (almost dead, 100% to hit)
The magic dart hits the scorpion but does no damage.
You can read scrolls again.
The scorpion barely misses you. The scorpion stings you.
* * * LOW HITPOINT WARNING * * *
😱 HP[-4] MP[-1]
You take 4 damage, and now have 8/59 hp.
You lost 1 mp, and now have 18/27 mp.
Casting: Magic Dart (safe; 1% risk of failure)
Confirm with . or Enter, or press ? or * to list all spells.
Aiming: Magic Dart (safe; 1% risk of failure)
Press: ? - help, Shift-Dir - straight line, f/p - scorpion
Aim: a scorpion (almost dead, 100% to hit)
The magic dart hits the scorpion but does no damage.
The scorpion stings you.
You feel threatened and lose the ability to read scrolls!
* * * LOW HITPOINT WARNING * * *
😱 HP[-6] MP[-1]
You take 6 damage, and now have 2/59 hp.
You lost 1 mp, and now have 17/27 mp.
Casting: Magic Dart (safe; 1% risk of failure)
Confirm with . or Enter, or press ? or * to list all spells.
Aiming: Magic Dart (safe; 1% risk of failure)
Press: ? - help, Shift-Dir - straight line, f/p - scorpion
Aim: a scorpion (almost dead, 100% to hit)
The magic dart hits the scorpion but does no damage.
The scorpion closely misses you. 😱 HP[+1] MP[-1]
You lost 1 mp, and now have 16/27 mp.
You cannot read scrolls in your current state!
Unknown command.
You feel better.
The scorpion closely misses you. 😱 HP[+8]
You regained 8 hp, and now have 11/59 hp.
Aiming: Magic Dart (safe; 1% risk of failure)
Press: ? - help, Q - select action, (/) - cycle Shift-Dir - straight line, f/p - scorpion
Aim: a scorpion (almost dead, 100% to hit)
The magic dart hits the scorpion.
The scorpion stings you.
* * * LOW HITPOINT WARNING * * *
😱 HP[-5]
You take 5 damage, and now have 6/59 hp.
Casting: Magic Dart (safe; 1% risk of failure)
Confirm with . or Enter, or press ? or * to list all spells.
Aiming: Searing Ray (safe; 1% risk of failure)
Press: ? - help, Shift-Dir - straight line, f/p - scorpion
Aim: a scorpion (almost dead, 79% to hit)
The searing ray hits the scorpion but does no damage.
The searing ray hits the yak. x2 (Press . to maintain the ray.)
The scorpion stings you but does no damage.
The scorpion barely misses you. 😱 MP[-2]
You lost 2 mp, and now have 14/27 mp.
The searing ray hits the scorpion!
You kill the scorpion!
The searing ray hits the yak. 😱 MP[-1]
You lost 1 mp, and now have 13/27 mp.
Press: ? - help, Dir - move target, f - yak Heal: a yak (uninterested)
You cannot read scrolls in your current state!
Unknown command.
Okay, then.
The yak attacks as you move away! The yak gores you!
Elyvilon protects you from harm! 😱 HP[+1]
The yak attacks as you move away! The yak misses you.
Found a staircase to the Ecumenical Temple. 😱 MP[+1] Unknown command. 😱 HP[+1] 😱 MP[+1]
The yak attacks as you move away! The yak gores you.
* * * LOW HITPOINT WARNING * * *
😱 HP[-6]
You take 6 damage, and now have 2/59 hp. 😱 HP[+1]
The yak attacks as you move away! The yak gores you.
Elyvilon protects you from harm! 😱 MP[+1]
The yak attacks as you move away! The yak gores you!
You die...

Skill      XL: |  1  2  3  4  5  6 |
---------------+-------------------+-----
Spellcasting   | 3 4 5 6 8 |  8.0
Conjurations   | 4 |  4.7
Dodging        | |  1.7
Stealth        | |  1.4
Invocations    | |  0.2

Action                   |  1- 3 |  4- 6 |  7- 9 || total
-------------------------+-------+-------+-------++-------
Melee: Short sword       |    28 |    28 |       ||    56
       Dagger            |    31 |    15 |       ||    46
       Headbutt          |     3 |     5 |       ||     8
 Cast: Magic Dart        |    41 |    93 |     4 ||   138
       Searing Ray       |       |     5 |     1 ||     6
Invok: Purification      |       |     1 |       ||     1
  Use: Potion            |     5 |     3 |     1 ||     9
       Scroll            |     4 |     8 |       ||    12
 Stab: Sleeping          |     1 |       |       ||     1
Armor: Robe              |    35 |    15 |     4 ||    54
       Skin              |    30 |       |       ||    30
Dodge: Dodged            |    42 |    51 |     8 ||   101

Levels and vault maps discovered:
D:1:      dpeg_arrival_houses_and_road, layout_loops_corners,
          shapermc_ecumenical_altar_ellora, minivault_4, minmay_distorted
D:2:      layout_basic, solitary_fountain
D:3:      lemuel_castle_with_subvaults [lemuel_castle_interior_carwin_1],
          layout_basic, mainiacjoe_overflow_small_starburst, serial_forest,
          infiniplex_forest_end_2, infiniplex_forest_lined_2,
          infiniplex_forest_lined_2, infiniplex_forest_clump_small,
          infiniplex_forest_straight_2, infiniplex_forest_straight_4,
          infiniplex_forest_lined_room_2, infiniplex_forest_clump_curved
D:4:      layout_basic, minmay_temple_entry_from_below_a, serial_shops, shop,
          shop_statue, nicolae_diamond_shop

Notes
Turn   | Place    | Note
-------+----------+-------------------------------------------
     0 | D:1      | spaghetti the Ogre Conjurer began the quest for the Orb.
     0 | D:1      | Reached XP level 1. HP: 16/16 MP: 3/3
     0 | D:1      | magus.rc [v1.9.6]
   467 | D:1      | Found a faded altar of an unknown god.
   486 | D:1      | Prayed at the altar of an unknown god.
   486 | D:1      | Became a worshipper of Elyvilon the Healer
   486 | D:1      | Reached * piety under Elyvilon
   655 | D:1      | Reached skill level 3 in Spellcasting
   668 | D:1      | HP: 3/16 [goblin/+0 club (4)]
   671 | D:1      | Reached XP level 2. HP: 5/24 MP: 1/6
  1597 | D:2      | You fall into a shaft and drop 1 floor!
  1630 | D:3      | Found a glowing golden altar of the Shining One.
  1632 | D:3      | Gained mutation: You sometimes lose the ability to read
                  | scrolls when taking damage. [potion of mutation]
  1632 | D:3      | Gained mutation: You have a pair of small horns on your
                  | head. [potion of mutation]
  1652 | D:3      | Reached XP level 3. HP: 31/31 MP: 6/8
  1657 | D:3      | Reached skill level 4 in Spellcasting
  1899 | D:3      | Reached ** piety under Elyvilon
  1999 | D:3      | Reached XP level 4. HP: 39/39 MP: 5/10
  2190 | D:3      | Noticed a necrophage
  2197 | D:3      | Killed a necrophage
  2198 | D:3      | Reached skill level 5 in Spellcasting
  2198 | D:3      | Reached XP level 5. HP: 31/45 MP: 5/13
  2808 | D:3      | Reached skill level 6 in Spellcasting
  3119 | D:3      | Noticed a kobold brigand
  3137 | D:3      | Reached XP level 6. HP: 49/53 MP: 1/15
  3140 | D:3      | HP: 13/53 [gnoll/+0 spear (7)]
  3159 | D:3      | HP: 12/53 [gnoll/+0 whip (5)]
  3161 | D:3      | Reached skill level 7 in Spellcasting
  3170 | D:3      | HP: 12/53 [poisoned by a kobold brigand]
  3183 | D:3      | HP: 7/53 [orc/+0 club (2)]
  3489 | D:4      | Identified the +3 leather armour "Jeageul" {Regen+ Slay+3}
  3778 | D:4      | Learned a level 2 spell: Searing Ray
  3885 | D:4      | Found Woluas's Antique Armour Emporium.
  4035 | D:4      | Found Dinarphia's Armour Shoppe.
  4063 | D:4      | Noticed a yak
  4063 | D:4      | Noticed a yak
  4063 | D:4      | Noticed a yak
  4068 | D:4      | Noticed a yak
  4069 | D:4      | Noticed a yak
  4070 | D:4      | Noticed a yak
  4072 | D:4      | Killed a yak
  4073 | D:4      | Reached skill level 8 in Spellcasting
  4073 | D:4      | Reached skill level 4 in Conjurations
  4073 | D:4      | Reached XP level 7. HP: 34/59 MP: 16/18
  4082 | D:4      | HP: 12/59 [scorpion (3)]
  4085 | D:4      | HP: 2/59 [scorpion (6)]
  4091 | D:4      | Elyvilon protects you from harm!
  4093 | D:4      | Found a staircase to the Ecumenical Temple.
  4101 | D:4      | HP: 2/59 [yak (6)]
  4103 | D:4      | Elyvilon protects you from harm!
  4105 | D:4      | Mangled by a yak

Vanquished Creatures
  A yak (D:4)
  A necrophage (D:3)
  A scorpion (D:4)
  2 hounds
  An orc priest (D:4)
  A gnoll shaman (D:3)
  An iguana (D:4)
  3 adders
  7 gnolls (D:3)
  A worm (D:3)
  A dart slug (D:4)
  11 orcs
  2 bats
  4 endoplasms
  A giant cockroach (D:2)
  3 goblins
  3 hobgoblins
  11 jackals (D:3)
  3 quokkas
  3 ball pythons
  2 frilled lizards (D:1)
  7 kobolds
  2 rats (D:1)
72 creatures vanquished.

Vanquished Creatures (others)
  9 plants (D:3)
9 creatures vanquished.

Grand Total: 81 creatures vanquished

Table legend:
 A = Non-vault XP
 B = Vault XP
 C = Vault XP percentage of total XP
 D = Non-vault monster count
 E = Vault monster count
 F = Vault count percentage of total count
                 A         B        C        D         E       F
            +---------+---------+-------+---------+---------+-------
      Total |     607 |     237 |  28.1 |      40 |      32 |  44.4
            +---------+---------+-------+---------+---------+-------
        D:1 |       9 |       7 |  43.8 |       7 |       4 |  36.4
        D:2 |      10 |       0 |   0.0 |       6 |       0 |   0.0
        D:3 |     124 |     230 |  65.0 |       9 |      28 |  75.7
        D:4 |     464 |       0 |   0.0 |      18 |       0 |   0.0
            +---------+---------+-------+---------+---------+-------

Illustrated notes

Table legend:
 A = Kills in this place as a percentage of kills in entire the game.
 B = Kills by you in this place as a percentage of kills by you in the entire game.
 C = Kills by friends in this place as a percentage of kills by friends in the entire game.
 D = Other kills in this place as a percentage of other kills in the entire game.
 E = Experience gained in this place as a percentage of experience gained in the entire game.
 F = Experience gained in this place divided by the number of levels of this place that you have seen.
                   A       B       C       D       E      F
               +-------+-------+-------+-------+-------+----------------------
         Total | 100.0 | 100.0 |   N/A |   N/A | 100.0 | 211.0
       Dungeon | 100.0 | 100.0 |   N/A |   N/A | 100.0 | 211.0
               +-------+-------+-------+-------+-------+----------------------

Table legend: (Time is in decaauts)
 A = Elapsed time spent in this place.
 B = Non-inter-level travel time spent in this place.
 C = Inter-level travel time spent in this place.
 D = Time resting spent in this place.
 E = Time spent auto-exploring this place.
 F = Levels seen in this place.
 G = Mean time per level.
                   A        B        C        D        E       F      G
               +--------+--------+--------+--------+--------+-----+--------+
         Total |   4113 |   4076 |     37 |    862 |   2698 |   4 | 1028.2 |
       Dungeon |   4113 |   4076 |     37 |    862 |   2698 |   4 | 1028.2 |
               +--------+--------+--------+--------+--------+-----+--------+

Top non-repeatable levels by time:
     D:3: 1620 daAuts
     D:1: 1269 daAuts
     D:4: 894 daAuts
     D:2: 329 daAuts
